TOP OF THE 1ST |
Kane County Cougars batting - Pitching for Fort Wayne TinCaps : RHP Roger Watkins
|
Pitching: RHP Roger Watkins
|
|
Batting: LHB Willie Gutierrez
|
0-0: Swinging Strike 0-1: Foul Ball, location: 2F 0-2: Ball 1-2: Strikes out looking
|
Batting: RHB Edgar Garcia
|
0-0: Called Strike 0-1: Ball 1-1: Foul Ball, location: 2F 1-2: Fly out, F6 (Line Drive, 6, EV 70.6 MPH)
|
Batting: LHB Kevin Ferguson
|
0-0: Ball 1-0: Ball 2-0: Called Strike 2-1: Ball 3-1: Called Strike 3-2: Foul Ball, location: 2F 3-2: Foul Ball, location: 2F 3-2: Base on Balls
|
Batting: RHB Chris Bittner
|
0-0: Called Strike 0-1: Ground out 1-3 (Groundball, 13S, EV 73.8 MPH)
|
Top of the 1st over - 0 runs, 0 hits, 0 errors, 1 left on base; Kane County 0 - Fort Wayne 0 |
BOTTOM OF THE 1ST |
Fort Wayne TinCaps batting - Pitching for Kane County Cougars : LHP Dave Martin
|
Pitching: LHP Dave Martin
|
|
Batting: SHB Ryohei Nakano
|
0-0: Ball 1-0: Ball 2-0: Called Strike 2-1: Ball 3-1: Swinging Strike 3-2: Strikes out looking
|
Batting: RHB Bryan Pitcher
|
0-0: Called Strike 0-1: Ball 1-1: Foul Ball, location: 2F 1-2: Hit by Pitch
|
Batting: SHB Josh Parker
|
0-0: Ball 1-0: Called Strike 1-1: Ball 2-1: Fly out, F8 (Flyball, 8RD, EV 106.2 MPH)
|
Batting: SHB Adam Martin
|
0-0: Ball 1-0: SINGLE (Groundball, 6MD, EV 96.2 MPH) Bryan Pitcher to second
|
Batting: LHB Angel Mejia
|
0-0: Swinging Strike 0-1: Foul Ball, location: 2F 0-2: Ball 1-2: Ball 2-2: Ground out 4-3 (Groundball, 4D, EV 97.5 MPH)
|
Bottom of the 1st over - 0 runs, 1 hit, 0 errors, 2 left on base; Kane County 0 - Fort Wayne 0 |
TOP OF THE 2ND |
Kane County Cougars batting - Pitching for Fort Wayne TinCaps : RHP Roger Watkins
|
Batting: LHB Rick Roemer
|
0-0: Swinging Strike 0-1: Foul Ball, location: 2F 0-2: Strikes out swinging
|
Batting: RHB Marlon Reda
|
0-0: Ball 1-0: Ball 2-0: Ball 3-0: Called Strike 3-1: Foul Ball, location: 2F 3-2: Strikes out swinging
|
Batting: LHB T.J. Duvall
|
0-0: Ball 1-0: Foul Ball, location: 2F 1-1: Ball 2-1: Foul Ball, location: 2F 2-2: Foul Ball, location: 2F 2-2: Ball 3-2: Base on Balls
|
Batting: RHB Curt Barrett
|
0-0: Ball 1-0: Swinging Strike 1-1: Ball 2-1: Swinging Strike 2-2: Strikes out swinging
|
Top of the 2nd over - 0 runs, 0 hits, 0 errors, 1 left on base; Kane County 0 - Fort Wayne 0 |
BOTTOM OF THE 2ND |
Fort Wayne TinCaps batting - Pitching for Kane County Cougars : LHP Dave Martin
|
Batting: LHB Phil Lerner
|
0-0: Ball 1-0: Swinging Strike 1-1: Swinging Strike 1-2: Foul Ball, location: 2F 1-2: Foul Ball, location: 2F 1-2: Ball 2-2: Foul Ball, location: 2F 2-2: Strikes out looking
|
Batting: RHB Tom Tate
|
0-0: Called Strike 0-1: Ball 1-1: Called Strike 1-2: Foul Ball, location: 2F 1-2: Fly out, F7 (Line Drive, 7D, EV 91.9 MPH)
|
Batting: RHB Davey Verhoog
|
0-0: Ball 1-0: Foul Ball, location: 2F 1-1: Ground out 6-3 (Groundball, 6, EV 83.1 MPH)
|
Bottom of the 2nd over - 0 runs, 0 hits, 0 errors, 0 left on base; Kane County 0 - Fort Wayne 0 |
TOP OF THE 3RD |
Kane County Cougars batting - Pitching for Fort Wayne TinCaps : RHP Roger Watkins
|
Batting: RHB Sergio Manzanero
|
0-0: Ball 1-0: Foul Ball, location: 2F 1-1: Called Strike 1-2: Ball 2-2: Strikes out looking
|
Batting: LHB Willie Gutierrez
|
0-0: Ball 1-0: Foul Ball, location: 2F 1-1: Ball 2-1: Swinging Strike 2-2: Fly out, F4 (Line Drive, 4, EV 71.2 MPH)
|
Batting: RHB Edgar Garcia
|
0-0: Ball 1-0: Ball 2-0: Foul Ball, location: 2F 2-1: Called Strike 2-2: Fly out, F8 (Flyball, 8RXD, EV 90.6 MPH)
|
Top of the 3rd over - 0 runs, 0 hits, 0 errors, 0 left on base; Kane County 0 - Fort Wayne 0 |
BOTTOM OF THE 3RD |
Fort Wayne TinCaps batting - Pitching for Kane County Cougars : LHP Dave Martin
|
Batting: RHB Jeremy Mercer
|
0-0: Ball 1-0: Foul Ball, location: 2F 1-1: Ball 2-1: SINGLE (Groundball, 34D, EV 99.4 MPH)
|
Batting: SHB Ryohei Nakano
|
0-0: Called Strike 0-1: Ground out 5-3 (Groundball, 56S, EV 69.4 MPH) Jeremy Mercer to second
|
Batting: RHB Bryan Pitcher
|
0-0: Called Strike 0-1: Ball 1-1: Hit by Pitch
|
Batting: SHB Josh Parker
|
0-0: DOUBLE (Flyball, 78XD, EV 89.4 MPH) Jeremy Mercer scores Bryan Pitcher to third Runner from 3rd tries for Home, SAFE, throw by CF to trailing runner, SAFE at third!
|
Batting: SHB Adam Martin
|
0-0: Ball 1-0: Ball 2-0: Ball 3-0: Called Strike 3-1: Base on Balls
|
Batting: LHB Angel Mejia
|
0-0: Called Strike 0-1: Ball 1-1: Ball 2-1: Ball 3-1: Fly out, F7 (Flyball, 78S, EV 83.1 MPH)
|
Batting: LHB Phil Lerner
|
0-0: Called Strike 0-1: Ground out 4-3 (Groundball, 4, EV 84.4 MPH)
|
Bottom of the 3rd over - 2 runs, 2 hits, 0 errors, 2 left on base; Kane County 0 - Fort Wayne 2 |
TOP OF THE 4TH |
Kane County Cougars batting - Pitching for Fort Wayne TinCaps : RHP Roger Watkins
|
Batting: LHB Kevin Ferguson
|
0-0: Ball 1-0: Foul Ball, location: 2F 1-1: Ball 2-1: Called Strike 2-2: Ball 3-2: Foul Ball, location: 2F 3-2: Base on Balls
|
Batting: RHB Chris Bittner
|
0-0: Ball 1-0: Ball Kevin Ferguson steals 2nd base (no throw) 2-0: Ball 3-0: Called Strike 3-1: Foul Ball, location: 2F 3-2: Ground out 6-3 (Groundball, 6, EV 91.9 MPH) Kevin Ferguson to third
|
Batting: LHB Rick Roemer
|
0-0: Ball 1-0: Foul Ball, location: 2F 1-1: SINGLE (Groundball, 15S, EV 68.8 MPH) (infield hit)
|
Batting: RHB Marlon Reda
|
0-0: Ball 1-0: Called Strike 1-1: Ball 2-1: Ball 3-1: Swinging Strike 3-2: Foul Ball, location: 2F 3-2: Foul Ball, location: 2F 3-2: Strikes out swinging
|
Batting: LHB T.J. Duvall
|
0-0: Called Strike 0-1: Ball 1-1: Ball 2-1: Ball 3-1: Foul Ball, location: 2F 3-2: Base on Balls Rick Roemer to second
|
Pitching: LHP Alex Pulido
|
|
Batting: RHB Curt Barrett
|
0-0: Called Strike 0-1: Ball 1-1: Fly out, F4 (Popup, 4, EV 75.6 MPH)
|
Top of the 4th over - 0 runs, 1 hit, 0 errors, 3 left on base; Kane County 0 - Fort Wayne 2 |
BOTTOM OF THE 4TH |
Fort Wayne TinCaps batting - Pitching for Kane County Cougars : LHP Dave Martin
|
Batting: RHB Tom Tate
|
0-0: Ball 1-0: DOUBLE (Flyball, 8LXD, EV 96.9 MPH)
|
Batting: RHB Davey Verhoog
|
0-0: Ball 1-0: Called Strike 1-1: Ball 2-1: Ball 3-1: Base on Balls
|
Batting: RHB Jeremy Mercer
|
0-0: Ball 1-0: Ball 2-0: Fly out, F8 (Flyball, 8RD, EV 103.8 MPH)
|
Batting: SHB Ryohei Nakano
|
0-0: Called Strike 0-1: Foul Ball, location: 2F 0-2: Ball 1-2: Ground out 6-3 (Groundball, P, EV 81.2 MPH) Tom Tate to third Davey Verhoog to second
|
Batting: RHB Bryan Pitcher
|
0-0: Swinging Strike 0-1: Foul Ball, location: 2F 0-2: Ball 1-2: Ground out 4-3 (Groundball, 4, EV 88.1 MPH)
|
Bottom of the 4th over - 0 runs, 1 hit, 0 errors, 2 left on base; Kane County 0 - Fort Wayne 2 |
TOP OF THE 5TH |
Kane County Cougars batting - Pitching for Fort Wayne TinCaps : LHP Alex Pulido
|
Batting: RHB Sergio Manzanero
|
0-0: Called Strike 0-1: Ball 1-1: Swinging Strike 1-2: Foul Ball, location: 2F 1-2: Ball 2-2: Foul Ball, location: 2F 2-2: Ball 3-2: Strikes out swinging
|
Batting: LHB Willie Gutierrez
|
0-0: Called Strike 0-1: Foul Ball, location: 2F 0-2: Foul Ball, location: 2F 0-2: Strikes out swinging
|
Batting: RHB Edgar Garcia
|
0-0: Ball 1-0: Foul Ball, location: 2F 1-1: SOLO HOME RUN (Flyball, 89XD, EV 100.0 MPH), Distance : 403 ft
|
Batting: LHB Kevin Ferguson
|
0-0: Ball 1-0: Foul Ball, location: 2F 1-1: Ground out 6-3 (Groundball, 6M, EV 84.4 MPH)
|
Top of the 5th over - 1 run, 1 hit, 0 errors, 0 left on base; Kane County 1 - Fort Wayne 2 |
BOTTOM OF THE 5TH |
Fort Wayne TinCaps batting - Pitching for Kane County Cougars : LHP Dave Martin
|
Batting: SHB Josh Parker
|
0-0: Swinging Strike 0-1: Called Strike 0-2: Ball 1-2: Ball 2-2: SINGLE (Line Drive, 78S, EV 106.2 MPH)
|
Batting: SHB Adam Martin
|
0-0: SINGLE (Line Drive, 6D, EV 94.4 MPH) Josh Parker to second
|
Batting: LHB Angel Mejia
|
0-0: Foul Ball, location: 2F 0-1: Foul Ball, location: 2F 0-2: Ball 1-2: Ball 2-2: Strikes out swinging
|
Batting: LHB Phil Lerner
|
0-0: Called Strike 0-1: Swinging Strike 0-2: Ball 1-2: Ball 2-2: Ball 3-2: Foul Ball, location: 2F 3-2: Base on Balls Josh Parker to third Adam Martin to second
|
Batting: RHB Tom Tate
|
0-0: Called Strike 0-1: Foul Ball, location: 2F 0-2: Foul Ball, location: 2F 0-2: Ball 1-2: Strikes out swinging
|
Batting: RHB Davey Verhoog
|
0-0: Ball 1-0: Foul Ball, location: 2F 1-1: Ball 2-1: Ball 3-1: Foul Ball, location: 2F 3-2: Strikes out looking
|
Bottom of the 5th over - 0 runs, 2 hits, 0 errors, 3 left on base; Kane County 1 - Fort Wayne 2 |
TOP OF THE 6TH |
Kane County Cougars batting - Pitching for Fort Wayne TinCaps : LHP Alex Pulido
|
Batting: RHB Chris Bittner
|
0-0: Ball 1-0: Called Strike 1-1: Swinging Strike 1-2: Foul Ball, location: 2F 1-2: Ball 2-2: Ball 3-2: Base on Balls
|
Pitching: RHP Eric Johnson
|
|
Batting: LHB Rick Roemer
|
0-0: Ball 1-0: Ground out 6-3 (Groundball, 6MS, EV 73.1 MPH) Chris Bittner to second
|
Batting: RHB Marlon Reda
|
0-0: Ball 1-0: Called Strike 1-1: Called Strike 1-2: Ball 2-2: Ground out 4-3 (Groundball, 4, EV 88.1 MPH) Chris Bittner to third
|
Batting: LHB T.J. Duvall
|
0-0: Ball 1-0: Foul Ball, location: 2F 1-1: Ball 2-1: Foul Ball, location: 2F 2-2: Strikes out looking
|
Top of the 6th over - 0 runs, 0 hits, 0 errors, 1 left on base; Kane County 1 - Fort Wayne 2 |
BOTTOM OF THE 6TH |
Fort Wayne TinCaps batting - Pitching for Kane County Cougars : LHP Dave Martin
|
Pitching: RHP Mike Stover
|
|
Batting: RHB Jeremy Mercer
|
0-0: Called Strike 0-1: Ground out U3 (Groundball, 34, EV 86.2 MPH)
|
Batting: SHB Ryohei Nakano
|
0-0: Called Strike 0-1: Ball 1-1: Foul Ball, location: 2F 1-2: Strikes out swinging
|
Batting: RHB Bryan Pitcher
|
0-0: Foul Ball, location: 2F 0-1: Ball 1-1: Ball 2-1: Foul Ball, location: 2F 2-2: Ball 3-2: Foul Ball, location: 2F 3-2: SINGLE (Groundball, 4MD, EV 94.4 MPH)
|
Batting: SHB Josh Parker
|
0-0: 2-RUN HOME RUN (Flyball, 89XD, EV 99.4 MPH) (Inside the Park)
|
Batting: SHB Adam Martin
|
0-0: Called Strike 0-1: Foul Ball, location: 2F 0-2: Strikes out swinging
|
Bottom of the 6th over - 2 runs, 2 hits, 0 errors, 0 left on base; Kane County 1 - Fort Wayne 4 |
TOP OF THE 7TH |
Kane County Cougars batting - Pitching for Fort Wayne TinCaps : RHP Eric Johnson
|
Pitching: RHP Bill Jacobs
|
|
Batting: RHB Curt Barrett
|
0-0: Ball 1-0: Called Strike 1-1: Swinging Strike 1-2: Ball 2-2: Strikes out looking
|
Batting: RHB Sergio Manzanero
|
0-0: Swinging Strike 0-1: Foul Ball, location: 2F 0-2: Strikes out swinging
|
Batting: LHB Willie Gutierrez
|
0-0: Called Strike 0-1: Called Strike 0-2: Ball 1-2: Foul Ball, location: 2F 1-2: Strikes out swinging
|
Top of the 7th over - 0 runs, 0 hits, 0 errors, 0 left on base; Kane County 1 - Fort Wayne 4 |
BOTTOM OF THE 7TH |
Fort Wayne TinCaps batting - Pitching for Kane County Cougars : RHP Mike Stover
|
Batting: LHB Angel Mejia
|
0-0: Ground out 4-3 (Groundball, 4, EV 101.9 MPH)
|
Batting: LHB Phil Lerner
|
0-0: Ground out 1-3 (Groundball, 13, EV 71.9 MPH)
|
Batting: RHB Tom Tate
|
0-0: Called Strike 0-1: Ball 1-1: Swinging Strike 1-2: Strikes out swinging
|
Bottom of the 7th over - 0 runs, 0 hits, 0 errors, 0 left on base; Kane County 1 - Fort Wayne 4 |
TOP OF THE 8TH |
Kane County Cougars batting - Pitching for Fort Wayne TinCaps : RHP Bill Jacobs
|
Batting: RHB Edgar Garcia
|
0-0: Ball 1-0: Swinging Strike 1-1: Called Strike 1-2: Strikes out swinging
|
Batting: LHB Kevin Ferguson
|
0-0: Ball 1-0: Ball 2-0: Called Strike 2-1: Ground out 4-3 (Groundball, 4M, EV 109.4 MPH)
|
Batting: RHB Chris Bittner
|
0-0: Ball 1-0: Ball 2-0: Foul Ball, location: 2F 2-1: Ground out 4-3 (Groundball, 6M, EV 86.2 MPH)
|
Top of the 8th over - 0 runs, 0 hits, 0 errors, 0 left on base; Kane County 1 - Fort Wayne 4 |
BOTTOM OF THE 8TH |
Fort Wayne TinCaps batting - Pitching for Kane County Cougars : RHP Mike Stover
|
Pitching: LHP Eric Dennis
|
|
Batting: RHB Davey Verhoog
|
0-0: Ball 1-0: Foul Ball, location: 2F 1-1: Foul Ball, location: 2F 1-2: Foul Ball, location: 2F 1-2: Strikes out swinging
|
Batting: RHB Jeremy Mercer
|
0-0: Ball 1-0: Ball 2-0: Foul Ball, location: 2F 2-1: Ball 3-1: Foul Ball, location: 2F 3-2: Foul Ball, location: 2F 3-2: Foul Ball, location: 2F 3-2: SINGLE (Groundball, 6D, EV 104.4 MPH)
|
Batting: SHB Ryohei Nakano
|
0-0: Foul Ball, location: 2F 0-1: Called Strike 0-2: Ball 1-2: Ball Jeremy Mercer is caught stealing 2nd base 2-4 2-2: Ground out 6-3 (Groundball, 4MS, EV 71.9 MPH)
|
Bottom of the 8th over - 0 runs, 1 hit, 0 errors, 0 left on base; Kane County 1 - Fort Wayne 4 |
TOP OF THE 9TH |
Kane County Cougars batting - Pitching for Fort Wayne TinCaps : RHP Bill Jacobs
|
Pitching: RHP Arturo Diaz
|
|
Batting: LHB Rick Roemer
|
0-0: Called Strike 0-1: Ball 1-1: Foul Ball, location: 2F 1-2: Strikes out looking
|
Batting: RHB Marlon Reda
|
0-0: Called Strike 0-1: Foul Ball, location: 2F 0-2: Strikes out swinging
|
Batting: LHB T.J. Duvall
|
0-0: Ball 1-0: Foul Ball, location: 2F 1-1: Ground out 4-3 (Groundball, 34, EV 87.5 MPH)
|
Top of the 9th over - 0 runs, 0 hits, 0 errors, 0 left on base; Kane County 1 - Fort Wayne 4 |
|